 Dungeon Crawl Stone Soup version 0.32-a0-834-geaf45d8e21 (webtiles) character file.

Game seed: 17256779928582864297

10697 ViolentViolet the Cleaver (level 11, 0/81 HPs)
             Began as a Coglin Fighter on Mar 25, 2024.
             Was a Believer of Trog.
             Killed by a stone arrow (38 damage)
             ... invoked by the wrath of Vehumet
             ... on level 10 of the Dungeon.
             The game lasted 00:15:26 (12085 turns).

ViolentViolet the Cleaver (Coglin Fighter)         Turns: 12085, Time: 00:15:26

Health: 0/81       AC: 19    Str: 20    XL:     11   Next: 66%
Magic:  11/11      EV:  5    Int:  9    God:    Trog [**....]
Gold:   503        SH:  0    Dex: 13    Spells: 10/10 levels left

rFire   + . .        u - +2 war axe {Myungok}
rCold   . . .        a - +0 war axe {Suthep}
rNeg    . . .        U - +1 plate armour {rF+}
rPois   .            I - +1 hat
rElec   .            F - +0 cloak
rCorr   .            k - +2 pair of gloves
SInv    .            (no boots)
Will    .....        (amulet unavailable) Stlth
                     (ring unavailable)
HPRegen 0.33/turn    (ring unavailable)
MPRegen 0.12/turn    (no gizmo)

%: no passive effects
@: no status effects
A: off-hand wielding, slow wielding, warmup strikes, no jewellery, persistent
drain
a: Invent Gizmo, Renounce Religion, Berserk, Trog's Hand


You were on level 10 of the Dungeon.
You worshipped Trog.
Trog was pleased with you.
You visited 2 branches of the dungeon, and saw 11 of its levels.
You also visited: Sewer.

You collected 503 gold pieces.

Inventory:

Hand Weapons
 a - a +0 war axe (offhand) {Suthep}
 e - a +0 dagger {Jaydra}
 t - a +0 spear {Arun}
 u - a +2 war axe (weapon) {Myungok}
Missiles
 m - 3 boomerangs
 s - 5 curare-tipped darts (quivered)
 v - 28 poisoned darts
 B - 2 throwing nets
 C - a silver javelin
 V - 4 javelins
Armour
 b - a +0 scale mail
 c - a +0 buckler
 k - a +2 pair of gloves (worn)
 F - a +0 cloak (worn)
 I - a +1 hat (worn)
 L - a +0 plate armour
 U - a +1 plate armour of fire resistance (worn)
Wands
 q - a wand of mindburst (4)
 w - a wand of light (7)
 A - a wand of digging (2)
 J - a wand of warping (8)
 O - a wand of polymorph (10)
 Q - a wand of charming (1)
Scrolls
 f - 2 scrolls of noise {unknown}
 g - a scroll of blinking {unknown}
 j - a scroll of torment {unknown}
 n - a scroll of revelation {unknown}
 p - 3 scrolls of fog {unknown}
 r - a scroll of immolation {unknown}
 y - a scroll of acquirement {unknown}
 z - a scroll of silence {unknown}
 K - a scroll of enchant armour {unknown}
 P - a scroll of butterflies {unknown}
 R - a scroll of vulnerability {unknown}
 S - a scroll of enchant weapon {unknown}
 W - a scroll of identify
 X - a scroll of teleportation {unknown}
 Y - a scroll of poison {unknown}
Potions
 d - 4 potions of might
 h - 2 potions of curing
 i - a potion of magic {unknown}
 l - 3 potions of invisibility
 o - a potion of lignification {unknown}
 x - 3 potions of enlightenment
 D - 8 potions of heal wounds
 E - 4 potions of haste
 G - a potion of resistance {unknown}
 H - 2 potions of cancellation
 M - a potion of berserk rage {unknown}
 N - 2 potions of attraction
 T - 2 potions of ambrosia


   Skills:
 + Level 5.9 Fighting
 + Level 14.5 Axes
 - Level 7.0 Throwing
 + Level 5.8 Armour
 - Level 2.1 Shields


You had 10 spell levels left.
You didn't know any spells.
Your spell library contained the following spells:

 Spells                   Type           Power      Damage    Failure   Level
 Kiss of Death            Conj/Necr      0%         2d5       100%        1
 Magic Dart               Conj           0%         1d3       100%        1
 Blink                    Tloc           0%         N/A       100%        2
 Call Imp                 Summ           0%         N/A       100%        2
 Confusing Touch          Hex            0%         N/A       100%        3
 Dispel Undead            Necr           0%         3d6       100%        4


Dungeon Overview and Level Annotations

Branches:
Dungeon (10/15)            Temple (1/1) D:7           Sewer (visited)
   Lair: D:8-11         Orc: D:9-12

Altars:
Ashenzari
Cheibriados
Dithmenos
Fedhas
Gozag
Hepliaklqana
Kikubaaqudgha
Makhleb
Nemelex Xobeh
Okawaru
Qazlal
Ru
Trog
Uskayaw
Vehumet
Wu Jian
Xom
Yredelemnul
Zin
The Shining One
Jiyva

Shops:
D:4 (   D:7 (   D:8 [

Annotations:
D:2 exclusion: downstairs
D:3 exclusion: downstairs, Sigmund


Innate Abilities, Weirdness & Mutations

You can wield a second weapon in your off-hand.
It takes a long time for you to wield or remove held weapons.
Your first few attacks do less damage.
You cannot equip rings or amulets.
Your health recovers twice as slowly from being drained.


Message History

You are too injured to fight recklessly!
You are too injured to fight recklessly!
Unknown command.
You are too injured to fight recklessly!
You slash the yak with your +0 war axe!
The yak is moderately wounded.
You slash the yak with your +2 war axe! The yak gores you but does no damage.
You barely miss the yak with your +0 war axe.
The yak is severely wounded.
You slash the yak with your +2 war axe!
You kill the yak!
Trog accepts your kill. The yak gores you.
You hit the yak but do no damage. You slash the yak with your +0 war axe!
The yak gores you!
You barely miss the yak with your +2 war axe.
The yak is moderately wounded.
You slash the yak with your +0 war axe! The yak gores you but does no damage.
You hit the yak with your +2 war axe.
The yak is severely wounded.
You hit the yak with your +0 war axe. The yak gores you but does no damage.
You closely miss the yak with your +0 war axe.
The yak is almost dead.
You hit the yak with your +2 war axe. The yak gores you.
You barely miss the yak with your +0 war axe.
The yak is almost dead.
You hit the yak but do no damage. You hit the yak with your +2 war axe.
You kill the yak!
Trog accepts your kill.
Vehumet rains destruction down upon you!
The ball explodes into a vile cloud!
The stinking cloud engulfs you but does no damage.
You're standing in a cloud of noxious fumes!
You're standing in a cloud of noxious fumes!
You hear a shout!
Y - a scroll labelled AVYEGH XEOKIM Vehumet rains destruction down upon you!
The stone arrow hits you!!!
You die...

....############. #######
................ .......
................ .......
.........(...# #######
(............####################
.................................
.................................
#########........................
#.......@................
#........................
#..........).............
.............°.............
............................
....._.......................
###.....##########.##########
#.....# #.# ##....# #.#


You could see the wrath of Vehumet (unaware).

Vanquished Creatures
  A boulder beetle (D:8)
  A centaur warrior (D:8)
  2 two-headed ogres (D:8)
  Pikel (D:6)
  A kobold demonologist (D:8)
  Psyche (D:9)
  A troll (D:8)
  A slime creature (D:10)
  9 yaks
  2 vampires (D:8)
  2 steam dragons
  2 acid dragons
  3 water moccasins
  Duvessa (D:6)
  2 ice beasts
  3 black bears
  2 orc warriors
  2 ogres
  5 centaurs
  2 lemures (D:6)
  8 bullfrogs
  8 kobold brigands
  4 scorpions
  2 gnoll sergeants (D:8)
  5 wights
  Dowan (D:6)
  7 killer bees (D:8)
  An electric eel (D:7)
  5 howler monkeys
  A bombardier beetle (D:5)
  7 jellies
  5 orc priests
  5 hounds
  3 iguanas
  8 orc wizards
  2 sleepcaps (D:6)
  12 gnolls
  6 adders
  A shadow imp (D:7)
  2 ribbon worms
  21 orcs
  9 ball pythons
  10 endoplasms
  4 giant cockroaches
  6 goblins
  9 hobgoblins
  6 jackals
  6 quokkas
  3 training dummies (D:4)
  6 bats
  2 frilled lizards
  39 kobolds
  10 rats
268 creatures vanquished.

Vanquished Creatures (others)
  A sky beast (D:8)
1 creature vanquished.

Grand Total: 269 creatures vanquished

Notes
Turn   | Place    | Note
-------+----------+-------------------------------------------
     0 | D:1      | ViolentViolet the Coglin Fighter began the quest for the
                  | Orb.
     0 | D:1      | Reached XP level 1. HP: 18/18 MP: 1/1
    82 | D:1      | Reached XP level 2. HP: 23/24 MP: 2/2
   245 | D:1      | Reached skill level 3 in Axes
   351 | D:1      | Found a faded altar of an unknown god.
   472 | D:1      | Reached XP level 3. HP: 29/29 MP: 3/3
   886 | D:1      | Prayed at the altar of an unknown god.
   886 | D:1      | Became a worshipper of Vehumet
   886 | D:1      | Reached * piety under Vehumet
   886 | D:1      | Offered knowledge of Shock by Vehumet.
  1078 | D:2      | Reached skill level 4 in Axes
  1101 | D:2      | Reached XP level 4. HP: 35/35 MP: 4/4
  1645 | D:3      | Offered knowledge of Searing Ray by Vehumet.
  1677 | D:3      | Reached ** piety under Vehumet
  1978 | D:3      | Noticed Sigmund
  2682 | D:4      | Noticed a scorpion
  2691 | D:3      | Reached skill level 5 in Axes
  2691 | D:3      | Reached XP level 5. HP: 15/41 MP: 5/5
  2923 | D:4      | Noticed a kobold brigand
  2932 | D:3      | Reached skill level 1 in Throwing
  3228 | D:4      | Killed a kobold brigand
  3229 | D:4      | Reached XP level 6. HP: 18/47 MP: 6/6
  3482 | D:4      | Reached skill level 6 in Axes
  3568 | D:4      | Reached XP level 7. HP: 42/52 MP: 7/7
  3574 | D:4      | Reached skill level 7 in Axes
  3995 | D:4      | Found Zit Kanku's Firing Range.
  4164 | D:5      | Entered Level 5 of the Dungeon
  4178 | D:5      | Found a burning altar of Makhleb.
  4179 | D:5      | Found an ornate altar of the Wu Jian Council.
  4180 | D:5      | Found a shadowy altar of Dithmenos.
  4307 | D:5      | Reached skill level 8 in Axes
  4312 | D:5      | Reached XP level 8. HP: 29/58 MP: 8/8
  4417 | D:5      | Found a sparkling altar of Nemelex Xobeh.
  4611 | D:5      | Reached skill level 9 in Axes
  5047 | D:6      | Noticed Dowan
  5050 | D:6      | Noticed Duvessa
  5053 | D:6      | Killed Dowan
  5053 | D:6      | Offered knowledge of Mephitic Cloud by Vehumet.
  5055 | D:6      | Killed Duvessa
  5225 | D:6      | Found a glowing drain.
  5244 | Sewer    | Entered a sewer
  5263 | Sewer    | Reached *** piety under Vehumet
  5428 | Sewer    | Offered knowledge of Olgreb's Toxic Radiance by Vehumet.
  5429 | Sewer    | Reached skill level 10 in Axes
  5570 | D:6      | Noticed a yak
  5583 | D:6      | Killed a yak
  5584 | D:6      | Reached XP level 9. HP: 51/63 MP: 9/9
  5597 | D:6      | Reached skill level 11 in Axes
  6066 | D:6      | Noticed Pikel
  6084 | D:6      | Killed Pikel
  6085 | D:6      | Reached skill level 12 in Axes
  6085 | D:6      | Reached skill level 5 in Throwing
  6721 | D:7      | You fall into a shaft and drop 1 floor!
  6880 | D:8      | Reached **** piety under Vehumet
  6882 | D:8      | Reached XP level 10. HP: 61/70 MP: 10/10
  7007 | D:8      | Offered knowledge of Lee's Rapid Deconstruction by Vehumet.
  7018 | D:8      | Found a snail-covered altar of Cheibriados.
  7739 | D:7      | Found a staircase to the Ecumenical Temple.
  7751 | Temple   | Entered the Ecumenical Temple
  7781 | Temple   | Fell from the grace of Vehumet
  7781 | Temple   | Became a worshipper of Trog the Wrathful
  8040 | D:7      | Found Kaolemoi's Weapon Shoppe.
  8561 | D:8      | Reached skill level 13 in Axes
  8677 | D:8      | Noticed a centaur warrior
  8697 | D:8      | Killed a centaur warrior
  8968 | D:8      | Gained mutation: You are resistant to electric shocks.
                  | (rElec) [potion of mutation]
  8968 | D:8      | Gained mutation: You sometimes lose your temper in combat.
                  | [potion of mutation]
  8968 | D:8      | Lost mutation: You sometimes lose your temper in combat.
                  | [potion of mutation]
  8968 | D:8      | Gained mutation: You have a pair of small horns on your
                  | head. [potion of mutation]
  8969 | D:8      | Lost mutation: You are resistant to electric shocks.
                  | (rElec) [potion of mutation]
  8969 | D:8      | Lost mutation: You have a pair of small horns on your head.
                  | [potion of mutation]
  8969 | D:8      | Gained mutation: Potions are less effective at restoring
                  | your health. [potion of mutation]
  8969 | D:8      | Gained mutation: You are somewhat resistant to further
                  | mutation. [potion of mutation]
  8970 | D:8      | Lost mutation: You are somewhat resistant to further
                  | mutation. [potion of mutation]
  8970 | D:8      | Lost mutation: Potions are less effective at restoring your
                  | health. [potion of mutation]
  8970 | D:8      | Gained mutation: You are clumsy. (Dex -2) [potion of
                  | mutation]
  8970 | D:8      | Gained mutation: Your health recovers twice as slowly from
                  | being drained. [potion of mutation]
  8970 | D:8      | Lost mutation: You are clumsy. (Dex -2) [potion of
                  | mutation]
  8975 | D:8      | Noticed a boulder beetle
  8975 | D:8      | Noticed a two-headed ogre
  8990 | D:8      | Killed a two-headed ogre
  8991 | D:8      | Reached XP level 11. HP: 68/78 MP: 11/11
  8992 | D:8      | Killed a boulder beetle
  8993 | D:8      | Reached skill level 5 in Armour
  9235 | D:8      | Reached skill level 5 in Fighting
  9488 | D:8      | Noticed a two-headed ogre
  9495 | D:8      | Killed a two-headed ogre
  9495 | D:8      | Reached * piety under Trog
  9833 | D:8      | Reached skill level 14 in Axes
 10224 | D:8      | Found Loent's Antique Armour Emporium.
 10238 | D:9      | Noticed Psyche
 10247 | D:9      | Killed Psyche
 11222 | D:9      | Reached ** piety under Trog
 11659 | D:10     | Entered Level 10 of the Dungeon
 11942 | D:10     | Found a viscous altar of Jiyva.
 12085 | D:10     | Killed by a stone arrow

Illustrated notes

Levels and vault maps discovered:
D:1:      dpeg_arrival_signposts, layout_basic, shapermc_ecumenical_altar_venn,
          corexii_leaking_fountain
D:2:      layout_rooms
D:3:      layout_basic, kennysheep_generic_room_9, uniq_sigmund
D:4:      layout_cave_pools, nicolae_shop_firing_range
D:5:      layout_basic, chequers_temple_overflow_statue_of_worship,
          mainiacjoe_overflow_alcove_1
D:6:      layout_loops_corners, gup_sewer_entry_pipe, uniq_pikel, uniq_duvessa
D:7:      layout_loops_corners, minmay_temple_entry_overgrown,
          nicolae_stop_n_shop_2, minivault_4
D:8:      nzn_winding_woodlands_three_and_one [nzn_winding_woodlands_5x15_cabin,
          nzn_winding_woodlands_5x15_crooked, nzn_winding_woodlands_5x15_parted,
          nzn_winding_woodlands_center_lodge], layout_loops_corners,
          general_overflow_altar, serial_shops, shop,
          serial_library_regret_index_headful
D:9:      layout_layer_cave, uniq_psyche
D:10:     layout_long_grid, kennysheep_mini, tgw_sif, jiyva_altar_1
Temple:   bh_familiar_temple

Skill      XL: |  1  2  3  4  5  6  7  8  9 10 11 |
---------------+----------------------------------+-----
Axes           | 3 4 5 6 8 10 12 13 14 | 14.5
Throwing       | 1 2 4 5 6 7 |  7.0
Armour         | 3 4 5 |  5.8
Fighting       | 4 5 |  5.9
Shields        | |  2.1

Action                     |  1- 3 |  4- 6 |  7- 9 | 10-12 || total
---------------------------+-------+-------+-------+-------++-------
  Melee: War axe           |    75 |    87 |   328 |   510 ||  1000
         Dagger            |    63 |    41 |       |       ||   104
         Spear             |       |     7 |       |       ||     7
  Throw: Dart              |       |     3 |    20 |    18 ||    41
 Invoke: Berserk           |       |       |       |     3 ||     3
    Use: Potion            |       |       |     1 |     6 ||     7
         Scroll            |       |       |       |     8 ||     8
 Armour: Scale mail        |    53 |    58 |    97 |       ||   208
         Plate armour      |       |       |    13 |   264 ||   277
  Dodge: Dodged            |    38 |    48 |    59 |    68 ||   213
  Block: Buckler           |     1 |       |       |       ||     1

Table legend: (Time is in decaauts)
 A = Elapsed time spent in this place.
 B = Non-inter-level travel time spent in this place.
 C = Inter-level travel time spent in this place.
 D = Time resting spent in this place.
 E = Time spent auto-exploring this place.
 F = Levels seen in this place.
 G = Mean time per level.
                   A        B        C        D        E       F      G
               +--------+--------+--------+--------+--------+-----+--------+
         Total |  12128 |  11302 |    826 |   1831 |   7825 |  12 | 1010.7 |
       Dungeon |  11837 |  11068 |    769 |   1831 |   7648 |  10 | 1183.7 |
        Temple |     59 |      2 |     57 |      0 |      0 |   1 |   59.0 |
         Sewer |    230 |    230 |      0 |      0 |    176 |   1 |  230.0 |
               +--------+--------+--------+--------+--------+-----+--------+

Top non-repeatable levels by time:
     D:8: 2474 daAuts
     D:3: 1965 daAuts
     D:9: 1416 daAuts
     D:6: 1387 daAuts
     D:7: 1068 daAuts
     D:1: 902 daAuts
     D:5: 861 daAuts
     D:4: 764 daAuts
     D:2: 580 daAuts
    D:10: 416 daAuts
   Sewer: 230 daAuts
  Temple: 59 daAuts
